 Dungeon Crawl Stone Soup version 0.28-a0-8-g6e044cf (webtiles) character file.

Game seed: 1889571138246233480

573 MrTaco21 the Skirmisher (level 7, -4/59 HPs)
             Began as a Demonspawn Fighter on July 24, 2021.
             Was a Follower of Qazlal.
             Killed from afar by Ijyb (17 damage)
             ... with a bolt of acid
             ... on level 4 of the Dungeon.
             The game lasted 00:08:30 (4436 turns).

MrTaco21 the Skirmisher (Demonspawn Fighter)        Turns: 4436, Time: 00:08:31

Health: -4/59      AC:  5    Str: 18    XL:     7   Next: 12%
Magic:  7/7        EV:  7    Int: 10    God:    Qazlal [*.....]
Gold:   176        SH: 15    Dex: 12    Spells: 6/6 levels left

rFire   . . .      SeeInvis .   a - +0 flail
rCold   + . .      Faith    .   c - +0 kite shield
rNeg    . . .      Spirit   .   b - +0 scale mail
rPois   +          Reflect  +   r - +0 helmet
rElec   .          Harm     .   (no cloak)
rCorr   .          Rampage  .   (no gloves)
Will    .....                   x - +1 pair of boots
Stlth   ..........              f - amulet of reflection
HPRegen 0.19/turn               o - ring of protection from cold
MPRegen 0.10/turn               w - ring of poison resistance

@: corroded
A: foul stench 2, powered by death 3
a: Renounce Religion


You were on level 4 of the Dungeon.
You worshipped Qazlal.
Qazlal was aware of your devotion.
You visited 1 branch of the dungeon, and saw 4 of its levels.

You collected 176 gold pieces.

Inventory:

Hand Weapons
 a - a +0 flail (weapon)
Missiles
 A - a throwing net (quivered) {!f}
Armour
 b - a +0 scale mail (worn)
 c - a +0 kite shield (worn)
 r - a +0 helmet (worn)
   (You took it off Robin on level 2 of the Dungeon)
 x - a +1 pair of boots (worn)
   (You found it on level 3 of the Dungeon)
Jewellery
 f - an amulet of reflection (around neck)
   (You found it on level 1 of the Dungeon)
 o - a ring of protection from cold (left hand)
   (You found it on level 2 of the Dungeon)
 w - a ring of poison resistance (right hand)
   (You found it on level 2 of the Dungeon)
Scrolls
 g - 3 scrolls of immolation {unknown}
 h - 3 scrolls of noise {unknown}
 i - 5 scrolls of teleportation {unknown}
 j - a scroll of acquirement {unknown}
 k - 2 scrolls of identify {unknown}
 l - a scroll of enchant weapon {unknown}
 m - a scroll of silence {unknown}
 n - 2 scrolls of amnesia {unknown}
 p - a scroll of enchant armour {unknown}
 s - a scroll of vulnerability {unknown}
 t - 3 scrolls of blinking {unknown}
 v - a scroll of holy word {unknown}
 y - a scroll of fog {unknown}
Potions
 d - a potion of might
 e - 2 potions of resistance {unknown}
 q - 2 potions of flight {unknown}
 u - a potion of lignification {unknown}
 z - 2 potions of curing {unknown}
 B - a potion of magic {unknown}


   Skills:
 - Level 6.8 Fighting
 + Level 4.4 Maces & Flails
 - Level 2.6 Armour
 - Level 2.6 Shields


You had 6 spell levels left.
You didn't know any spells.
Your spell library was empty.

Dungeon Overview and Level Annotations

Branches:
Dungeon (4/15)             Temple (0/1) D:4

Altars:
Cheibriados
Qazlal
Xom

Shops:
D:3 !

Annotations:
D:4 Ijyb


Innate Abilities, Weirdness & Mutations

You sometimes emit foul miasma when damaged in melee.
You regenerate a lot of health from kills.


Message History

No target in view!
No target in view!
No target in view!
No target in view!
No target in view!
No target in view!
No target in view!
No target in view!
Things that are here:
a +0 hunting sling; 10 stones; a goblin corpse
There is an open door here.
There is an open door here.
You open the large door.
A jackal and a goblin come into view.
The goblin shouts!
The jackal barks!
You hear a shout! x2
Ijyb the Twisted Goblin comes into view.
She is wielding a +0 dagger and carrying a wand of acid (12).
A goblin comes into view. It is wielding a +0 club.
The jackal barely misses you.
There is an open door here.
You block the jackal's attack. You block the jackal's attack.
You hit the jackal.
You kill the jackal!
Qazlal accepts your kill.
The goblin is engulfed in blazing flames.
You kill the goblin!
Qazlal accepts your kill.
There is an open door here.
You block Ijyb's attack. You block the goblin's attack.
You hit Ijyb. You block Ijyb's attack. The goblin hits you but does no damage.
Ijyb zaps a wand.
The bolt of acid hits you!
You are splashed with acid!
You hit Ijyb. You block the goblin's attack. You block Ijyb's attack.
The goblin hits you but does no damage.
You closely miss Ijyb.
Ijyb zaps a wand.
The bolt of acid hits you! The acid corrodes you!
You are splashed with acid!
* * * LOW HITPOINT WARNING * * *
You block the goblin's attack. Ijyb closely misses you.
You closely miss Ijyb. The goblin hits you with a +0 club.
* * * LOW HITPOINT WARNING * * *
Ijyb hits you with a +0 dagger.
* * * LOW HITPOINT WARNING * * *
The goblin closely misses you.
You hit Ijyb but do no damage. You block Ijyb's attack.
The goblin hits you with a +0 club.
* * * LOW HITPOINT WARNING * * *
Ijyb zaps a wand.
The bolt of acid hits you!
You die...

#g. #..#########≈≈#
# #.g
#..........#≈≈#####
#g.
#..........'.......
#..
#.....)†...'...####
#..
#.....)....'...#
#..
#..........#≈≈##
#''##..#########≈≈#
#....g)#...#..≈≈≈##
#...(g@'...').≈≈≈#
#......#...#..≈≈##
#################


You could see Ijyb and a goblin.

Vanquished Creatures
  A black bear (D:4)
  4 wights
  Natasha (thrice) (D:3)
  An iguana (D:4)
  Robin (D:2)
  4 gnolls (D:4)
  7 adders
  An adder skeleton (D:4)
  A dart slug (D:2)
  2 orcs (D:3)
  5 endoplasms
  4 giant cockroaches
  16 goblins
  8 hobgoblins
  11 jackals
  8 kobolds
  4 quokkas
  12 ball pythons
  9 bats
  7 frilled lizards
  3 rats
112 creatures vanquished.

Notes
Turn   | Place    | Note
-------+----------+-------------------------------------------
     0 | D:1      | MrTaco21 the Demonspawn Fighter began the quest for the
                  | Orb.
     0 | D:1      | Reached XP level 1. HP: 18/18 MP: 1/1
   428 | D:1      | Gained mutation: You may rarely emit foul miasma when
                  | damaged in melee. [demonic ancestry]
   428 | D:1      | Reached XP level 2. HP: 24/24 MP: 2/2
   659 | D:1      | Gained mutation: You regenerate a little health from kills.
                  | [demonic ancestry]
   659 | D:1      | Reached XP level 3. HP: 30/30 MP: 3/3
   994 | D:1      | Found a faded altar of an unknown god.
  1288 | D:2      | Reached skill level 4 in Fighting
  1654 | D:2      | Noticed Robin
  1807 | D:2      | Gained mutation: You sometimes emit foul miasma when
                  | damaged in melee. [demonic ancestry]
  1807 | D:2      | Reached XP level 4. HP: 33/38 MP: 4/4
  1814 | D:2      | Killed Robin
  2160 | D:2      | Found a shimmering altar of Xom.
  2536 | D:3      | Found a snail-covered altar of Cheibriados.
  2536 | D:3      | Found a stormy altar of Qazlal.
  2545 | D:3      | Became a worshipper of Qazlal Stormbringer
  2551 | D:3      | Noticed Natasha
  2555 | D:3      | Killed Natasha
  2556 | D:3      | Reached skill level 5 in Fighting
  2585 | D:3      | Noticed Natasha
  2589 | D:3      | Killed Natasha
  2590 | D:3      | Gained mutation: You regenerate health from kills. [demonic
                  | ancestry]
  2590 | D:3      | Reached XP level 5. HP: 21/44 MP: 5/5
  2740 | D:3      | Found Alazatia's Distillery.
  3147 | D:3      | Noticed Natasha
  3156 | D:3      | Killed Natasha
  3295 | D:4      | Noticed a black bear
  3385 | D:3      | Reached skill level 6 in Fighting
  3497 | D:3      | Gained mutation: You regenerate a lot of health from kills.
                  | [demonic ancestry]
  3497 | D:3      | Reached XP level 6. HP: 41/51 MP: 6/6
  3842 | D:4      | Reached * piety under Qazlal
  4062 | D:4      | Reached XP level 7. HP: 57/59 MP: 7/7
  4092 | D:4      | Found a staircase to the Ecumenical Temple.
  4422 | D:4      | Noticed Ijyb
  4436 | D:4      | Killed from afar by Ijyb

Illustrated notes

Levels and vault maps discovered:
D:1:      psy_arrival_terrarium, layout_basic,
          shapermc_ecumenical_altar_mp_vishouse, bh_walls_and_bars
D:2:      layout_loops_ring, basic_altar, minmay_hexomino_c4, uniq_robin
D:3:      layout_basic, jmf_multi_god_temple, serial_shops,
          nicolae_shop_statue_plus, chequers_decorated_corner, uniq_natasha
D:4:      kennysheep_goblin_castle, layout_loops_ring,
          minmay_temple_entry_drinking_statues, minmay_surrounded

Skill      XL: |  1  2  3  4  5  6 |
---------------+-------------------+-----
Maces & Flails | 2 4 |  4.4
Fighting       | 4 5 6 |  6.8
Armour         | |  2.6
Shields        | |  2.6

Action                   |  1- 3 |  4- 6 |  7- 9 || total
-------------------------+-------+-------+-------++-------
Melee: Flail             |   164 |   224 |    24 ||   412
Armor: Scale mail        |    87 |   112 |     7 ||   206
Dodge: Dodged            |    37 |    53 |     6 ||    96
Block: Kite shield       |   146 |   208 |    27 ||   381
       Reflection        |     1 |     4 |       ||     5

Table legend: (Time is in decaauts)
 A = Elapsed time spent in this place.
 B = Non-inter-level travel time spent in this place.
 C = Inter-level travel time spent in this place.
 D = Time resting spent in this place.
 E = Time spent auto-exploring this place.
 F = Levels seen in this place.
 G = Mean time per level.
                   A        B        C        D        E       F      G
               +--------+--------+--------+--------+--------+-----+--------+
         Total |   4658 |   4414 |    244 |   1034 |   2361 |   4 | 1164.5 |
       Dungeon |   4658 |   4414 |    244 |   1034 |   2361 |   4 | 1164.5 |
               +--------+--------+--------+--------+--------+-----+--------+

Top non-repeatable levels by time:
     D:1: 1372 daAuts
     D:3: 1222 daAuts
     D:2: 1101 daAuts
     D:4: 961 daAuts
